 Dungeon Crawl Stone Soup version 0.28.0 (webtiles) character file.

Game seed: 14443064136156123411

135 croobank the Chopper (level 5, -4/47 HPs)
             Began as a Gnoll Cinder Acolyte on Feb 13, 2022.
             Was a High Priest of Ignis.
             Slain by an orc (17 damage)
             ... on level 3 of the Dungeon.
             The game lasted 00:10:44 (2850 turns).

croobank the Chopper (Gnoll Cinder Acolyte)         Turns: 2850, Time: 00:10:45

Health: -4/47      AC:  5    Str: 13    XL:     5   Next: 18%
Magic:  1/9        EV: 11    Int: 15    God:    Ignis [*****.]
Gold:   83         SH:  0    Dex:  8    Spells: 8/10 levels left

rFire   + . .      SeeInvis .   m - +0 dagger (vamp)
rCold   . . .      Faith    .   (no shield)
rNeg    . . .      Spirit   .   g - +2 robe {Will+}
rPois   .          Reflect  .   (no helmet)
rElec   .          Harm     .   b - +0 cloak
rCorr   .          Rampage  .   (no gloves)
Will    +....                   (no boots)
Stlth   +.........              (no amulet)
HPRegen 0.15/turn               (no ring)
MPRegen 0.11/turn               (no ring)

@: flying
A: fangs 1, strong nose, distributed training
a: Renounce Religion, Fiery Armour, Foxfire Swarm, Rising Flame


You were on level 3 of the Dungeon.
You worshipped Ignis.
Ignis was extremely pleased with you.
You visited 1 branch of the dungeon, and saw 3 of its levels.

You collected 83 gold pieces.

Inventory:

Hand Weapons
 a - a -1 hand axe of flaming
 k - a +0 flail
 m - a +0 vampiric dagger (weapon)
Missiles
 c - 59 arrows
 e - 72 stones
 f - 5 poisoned darts
 l - 28 bolts
Armour
 b - a +0 cloak (worn)
 d - a +0 ring mail
 g - a +2 robe of willpower (worn)
 i - a +0 leather armour
 n - a +0 scale mail
Jewellery
 j - a ring of fire


   Skills:
 + Level 6.6 Fighting
 + Level 1.4 Short Blades
 + Level 1.4 Long Blades
 + Level 6.6 Axes
 + Level 1.4 Maces & Flails
 + Level 1.4 Polearms
 + Level 1.4 Staves
 + Level 1.4 Slings
 + Level 1.4 Bows
 + Level 1.4 Crossbows
 + Level 1.4 Throwing
 + Level 1.4 Armour
 + Level 1.4 Dodging
 + Level 1.4 Stealth
 + Level 1.4 Shields
 + Level 1.4 Unarmed Combat
 + Level 3.1 Spellcasting
 + Level 1.1 Conjurations
 + Level 1.1 Hexes
 + Level 1.1 Summonings
 + Level 1.1 Necromancy
 + Level 1.1 Translocations
 + Level 1.1 Transmutations
 + Level 5.5 Fire Magic
 + Level 1.1 Ice Magic
 + Level 1.1 Air Magic
 + Level 1.1 Earth Magic
 + Level 1.1 Poison Magic
 + Level 1.5 Invocations
 + Level 1.4 Evocations


You had 8 spell levels left.
You knew the following spells:

 Your Spells              Type           Power      Damage    Failure   Level
a - Scorch                Fire           36%        2d6       3%          2

Your spell library contained the following spells:

 Spells                   Type           Power      Damage    Failure   Level
 Call Canine Familiar     Summ           5%         N/A       36%         3
 Portal Projectile        Hex/Tloc       10%        N/A       36%         3
 Leda's Liquefaction      Hex/Erth       2%         N/A       77%         4


Dungeon Overview and Level Annotations

Branches:
Dungeon (3/15)

Altars:


Innate Abilities, Weirdness & Mutations

You have very sharp teeth.
Your uncanny sense of smell can sniff out nearby items.
Your experience applies equally to all skills.


Message History

You kill the orc!
The orc completely misses you.
You hit the orc but do no damage.
The orc is heavily wounded.
The orc hits you with a +2 whip of electrocution.
You hit the orc but do no damage.
The orc is heavily wounded.
The orc barely misses you.
You barely miss the orc.
The orc is heavily wounded.
You hit the orc but do no damage.
The orc is heavily wounded.
The orc hits you with a +2 whip of electrocution.
* * * LOW HITPOINT WARNING * * *
You closely miss the orc.
The orc is heavily wounded.
The orc barely misses you.
You hit the orc but do no damage.
The orc is heavily wounded.
The orc misses you.
You hit the orc but do no damage.
The orc is heavily wounded.
The orc closely misses you.
You hit the orc but do no damage.
The orc is heavily wounded.
The orc hits you with a +2 whip of electrocution.
* * * LOW HITPOINT WARNING * * *
Okay, then.
It was a potion of flight.
You feel very buoyant.
You fly up into the air.
The orc closely misses you.
Casting: Scorch (safe; 3% risk of failure)
Confirm with . or Enter, or press ? or * to list all spells.
Flames lash the orc.
The orc is almost dead.
The orc's fire resistance burns away.
The orc hits you with a +2 whip of electrocution.
* * * LOW HITPOINT WARNING * * *
You are electrocuted!
You die...

..#.#.#.#.#.## #....#
##...........#
#....#########
##.#.#.#.#.##
#....##.......
#............
#....##.......
##.#.#.#.#.#.
#...)##.......
...........
#.....#....... .#
#.#. #.##
#......))o....
#...####....#)##....#
#.@oo....##o##.##..
########.##.#oo####
#..#.#.###..
##.........#
###.......# #.......#
#.......# #........
#........


You could see 2 orcs.

Vanquished Creatures
  3 gnolls (D:2)
  4 adders
  2 worms (D:2)
  4 orcs (D:3)
  3 endoplasms
  2 giant cockroaches
  4 goblins
  7 hobgoblins
  2 jackals (D:1)
  3 kobolds
  4 quokkas
  6 ball pythons
  6 bats
  4 frilled lizards
  6 rats
60 creatures vanquished.

Notes
Turn   | Place    | Note
-------+----------+-------------------------------------------
     0 | D:1      | croobank the Gnoll Cinder Acolyte began the quest for the
                  | Orb.
     0 | D:1      | Reached XP level 1. HP: 23/23 MP: 4/4
   175 | D:1      | Found a faded altar of an unknown god.
   193 | D:1      | Reached XP level 2. HP: 16/29 MP: 5/5
   346 | D:2      | Learned a level 2 spell: Scorch
   669 | D:1      | Reached XP level 3. HP: 29/35 MP: 4/7
  1295 | D:2      | Reached skill level 1 in Invocations
  1312 | D:2      | Reached skill level 1 in Short Blades
  1312 | D:2      | Reached skill level 1 in Long Blades
  1312 | D:2      | Reached skill level 1 in Maces & Flails
  1312 | D:2      | Reached skill level 1 in Polearms
  1312 | D:2      | Reached skill level 1 in Staves
  1312 | D:2      | Reached skill level 1 in Slings
  1312 | D:2      | Reached skill level 1 in Bows
  1312 | D:2      | Reached skill level 1 in Crossbows
  1312 | D:2      | Reached skill level 1 in Throwing
  1312 | D:2      | Reached skill level 1 in Armour
  1312 | D:2      | Reached skill level 1 in Dodging
  1312 | D:2      | Reached skill level 1 in Stealth
  1312 | D:2      | Reached skill level 1 in Shields
  1312 | D:2      | Reached skill level 1 in Unarmed Combat
  1312 | D:2      | Reached skill level 1 in Evocations
  1342 | D:1      | Reached XP level 4. HP: 10/41 MP: 1/8
  1926 | D:2      | Reached skill level 1 in Conjurations
  1926 | D:2      | Reached skill level 1 in Hexes
  1926 | D:2      | Reached skill level 1 in Summonings
  1926 | D:2      | Reached skill level 1 in Necromancy
  1926 | D:2      | Reached skill level 1 in Translocations
  1926 | D:2      | Reached skill level 1 in Transmutations
  1926 | D:2      | Reached skill level 1 in Ice Magic
  1926 | D:2      | Reached skill level 1 in Air Magic
  1926 | D:2      | Reached skill level 1 in Earth Magic
  1926 | D:2      | Reached skill level 1 in Poison Magic
  2612 | D:3      | Reached XP level 5. HP: 47/47 MP: 4/9
  2850 | D:3      | Slain by an orc

Illustrated notes

Levels and vault maps discovered:
D:1:      dpeg_arrival_line_fractal, layout_basic,
          hellmonk_ecumenical_altar_run_dry
D:2:      layout_loops_ring
D:3:      layout_rooms, st_stairs_10, hangedman_decor_push

Skill      XL: |  1  2  3  4 |
---------------+-------------+-----
Invocations    | 1 |  1.5
Short Blades   | 1 |  1.4
Long Blades    | 1 |  1.4
Maces & Flails | 1 |  1.4
Polearms       | 1 |  1.4
Staves         | 1 |  1.4
Slings         | 1 |  1.4
Bows           | 1 |  1.4
Crossbows      | 1 |  1.4
Throwing       | 1 |  1.4
Armour         | 1 |  1.4
Dodging        | 1 |  1.4
Stealth        | 1 |  1.4
Shields        | 1 |  1.4
Unarmed Combat | 1 |  1.4
Evocations     | 1 |  1.4
Spellcasting   | 3 |  3.1
Conjurations   | 1 |  1.1
Hexes          | 1 |  1.1
Summonings     | 1 |  1.1
Necromancy     | 1 |  1.1
Translocations | 1 |  1.1
Transmutations | 1 |  1.1
Ice Magic      | 1 |  1.1
Air Magic      | 1 |  1.1
Earth Magic    | 1 |  1.1
Poison Magic   | 1 |  1.1
Fighting       | |  6.6
Axes           | |  6.6
Fire Magic     | |  5.5

Action                   |  1- 3 |  4- 6 || total
-------------------------+-------+-------++-------
Melee: Hand axe          |    55 |    10 ||    65
       Bite              |     5 |     3 ||     8
       Punch             |     1 |     2 ||     3
       Dagger            |       |    31 ||    31
 Cast: Scorch            |    22 |    35 ||    57
  Use: Potion            |     2 |     1 ||     3
       Scroll            |     3 |     1 ||     4
Armor: Robe              |    10 |    13 ||    23
Dodge: Dodged            |    29 |    42 ||    71
